 Dungeon Crawl Stone Soup version 0.26-a0-710-g95a0c6c400 (webtiles) character file.

Game seed: 12767778637169344835

667 Froggeryz the Ruffian (level 7, -3/41 HPs)
             Began as a Gargoyle Monk on Oct 30, 2020.
             Was a Believer of Okawaru.
             Slain by a mummy (11 damage)
             ... on level 4 of the Dungeon.
             The game lasted 00:05:29 (2971 turns).

Froggeryz the Ruffian (Gargoyle Monk)               Turns: 2971, Time: 00:05:30

Health: -3/41      AC: 16    Str: 16    XL:     7   Next: 57%
Magic:  7/7        EV: 11    Int: 11    God:    Okawaru [**....]
Gold:   199        SH:  5    Dex: 12    Spells: 6/6 levels left

rFire    . . .     SeeInvis .     - Unarmed
rCold    . . .     Faith    .   (no shield)
rNeg     + . .     Spirit   .   j - +0 ring mail
rPois    ∞         Reflect  +   (no helmet)
rElec    +         Harm     .   q - +0 cloak
rCorr    .         Rampage  .   o - +0 pair of gloves
MR       +....                  e - +0 pair of boots
Stlth    +.........             h - amulet of reflection
HPRegen  0.13/turn              m - ring of protection from magic
MPRegen  0.10/turn              t - +4 ring of protection

@: no status effects
A: negative energy resistance 1, electricity resistance, unbreathing,
petrification resistance, rot immunity, AC +4
a: Heroism, Renounce Religion


You were on level 4 of the Dungeon.
You worshipped Okawaru.
Okawaru was pleased with you.
You visited 2 branches of the dungeon, and saw 5 of its levels.

You collected 199 gold pieces.

Inventory:

Missiles
 s - 16 poisoned darts (quivered)
Armour
 e - a +0 pair of boots (worn)
 i - a +0 kite shield
 j - a +0 ring mail (worn)
 o - a +0 pair of gloves (worn)
 q - a +0 cloak (worn)
Jewellery
 h - an amulet of reflection (around neck)
 m - a ring of protection from magic (left hand)
 t - a +4 ring of protection (right hand)
Wands
 x - a wand of iceblast (4)
 y - a wand of polymorph (4)
Scrolls
 d - a scroll of immolation {unknown}
 f - 7 scrolls of identify
 l - 4 scrolls of remove curse
 p - a scroll of enchant armour {unknown}
 w - a scroll of random uselessness {unknown}
Potions
 b - a potion of might {unknown}
 c - a potion of stabbing {unknown}
 k - 2 potions of curing
 n - 2 potions of brilliance {unknown}
 r - 2 potions of flight {unknown}
 u - a potion of berserk rage {unknown}
 v - a potion of lignification {unknown}


   Skills:
 - Level 3.2 Fighting
 - Level 2.4 Dodging
 - Level 2.1 Stealth
 + Level 4.3 Shields
 * Level 7.5 Unarmed Combat


You had 6 spell levels left.
You didn't know any spells.
Your spell library was empty.

Dungeon Overview and Level Annotations

Branches:
Dungeon (4/15)             Temple (1/1) D:4

Altars:
Ashenzari
Gozag
Hepliaklqana
Kikubaaqudgha
Makhleb
Nemelex Xobeh
Okawaru
Ru
Trog
Uskayaw
Vehumet
Xom
Yredelemnul
Zin
The Shining One

Shops:
D:4 *=?


Innate Abilities, Weirdness & Mutations

You are resistant to torment.
Your stone body is resilient. (AC +4)
You are immune to poison.
You resist negative energy. (rN+)
You are resistant to electric shocks. (rElec)
You can survive without breathing.
You are immune to petrification.
You are immune to rotting.


Message History

The orc is moderately wounded.
The orc closely misses you.
You closely miss the orc.
The orc is moderately wounded.
You hit the mummy.
The mummy is lightly damaged.
You hit the mummy.
The mummy is moderately damaged.
The orc hits you but does no damage. You block the orc's attack.
The mummy hits you!
* * * LOW HITPOINT WARNING * * *
Your ring mail prevents you from hitting the mummy.
The mummy is moderately damaged.
You block the orc's attack. The orc barely misses you.
You hit the mummy.
The mummy is heavily damaged.
The orc hits you but does no damage. The orc hits you with a +0 flail.
* * * LOW HITPOINT WARNING * * *
The mummy hits you!
You die...

.#........# '........# .
#........# .. .
#........ .. #.......
.## #...... ..#
..#...Mo##### #.#
......o@....# #.#
............# ########.#
.........)..# #....$....
..........†.# #.P....##.
............###.._..###.
..................P.####
............###.........
................#..#####
...........###.#..#<...


You could see a mummy and 2 orcs.

Vanquished Creatures
  Grinder (D:4)
  A scorpion (D:3)
  A howler monkey (D:4)
  Crazy Yiuf (D:2)
  3 orc priests (D:4)
  2 orc wizards (D:4)
  Ijyb (D:3)
  2 worker ants (D:4)
  6 adders
  2 oozes (D:2)
  2 worms
  A dart slug (D:1)
  5 leopard geckos
  9 orcs (D:4)
  6 bats
  5 giant cockroaches
  7 goblins
  4 hobgoblins
  2 jackals (D:2)
  7 frilled lizards
  5 kobolds
  5 rats
78 creatures vanquished.

Vanquished Creatures (others)
  2 withered plants (D:4)
2 creatures vanquished.

Grand Total: 80 creatures vanquished

Notes
Turn   | Place    | Note
-------+----------+-------------------------------------------
     0 | D:1      | Froggeryz the Gargoyle Monk began the quest for the Orb.
     0 | D:1      | Reached XP level 1. HP: 14/14 MP: 1/1
   198 | D:1      | Reached XP level 2. HP: 14/19 MP: 2/2
   859 | D:2      | Reached skill level 4 in Unarmed Combat
  1044 | D:2      | Reached XP level 3. HP: 23/23 MP: 3/3
  1137 | D:2      | Reached XP level 4. HP: 26/28 MP: 4/4
  1360 | D:2      | Found a runed translucent door.
  1361 | D:2      | Noticed Crazy Yiuf
  1785 | D:2      | Killed Crazy Yiuf
  1785 | D:2      | Reached skill level 1 in Shields
  1785 | D:2      | Reached skill level 5 in Unarmed Combat
  1927 | D:3      | Reached XP level 5. HP: 32/32 MP: 5/5
  2477 | D:3      | Noticed Ijyb
  2488 | D:3      | Killed Ijyb
  2522 | D:4      | Found Uhionur's Magic Scroll Shoppe.
  2542 | D:4      | Reached skill level 6 in Unarmed Combat
  2542 | D:4      | Reached XP level 6. HP: 28/37 MP: 6/6
  2633 | D:4      | Found a staircase to the Ecumenical Temple.
  2640 | Temple   | Entered the Ecumenical Temple
  2650 | Temple   | Became a worshipper of Warmaster Okawaru
  2650 | Temple   | Reached * piety under Okawaru
  2650 | Temple   | Reached ** piety under Okawaru
  2710 | D:4      | Found a basalt altar of Yredelemnul.
  2739 | D:4      | Identified the cursed +0 chain mail of Unambiguity {rPois}
  2863 | D:4      | Noticed Grinder
  2873 | D:4      | Killed Grinder
  2873 | D:4      | Reached skill level 7 in Unarmed Combat
  2873 | D:4      | Reached XP level 7. HP: 9/41 MP: 7/7
  2901 | D:4      | Found Pemp's Jewellery Boutique.
  2921 | D:4      | Noticed Edmund
  2933 | D:4      | Found Pyem's Assorted Antiques.
  2951 | D:4      | Noticed Edmund
  2951 | D:4      | Edmund changed into Edmund the howler monkey
  2959 | D:4      | Killed Edmund the howler monkey
  2971 | D:4      | Slain by a mummy

Illustrated notes

Levels and vault maps discovered:
D:1:      minmay_arrival_split_and_join, layout_basic
D:2:      layout_basic, minivault_26, minmay_pentomino_o4,
          uniq_crazy_yiuf_cottage
D:3:      layout_basic, uniq_ijyb
D:4:      black_bear_nest_2, layout_basic, yredelemnul_altar_generic,
          minmay_temple_entry_junction_2, serial_shops, shop, shop, shop_statue,
          nicolae_shop_stone, gup_ossuary_entry_pyramid, minivault_24,
          uniq_grinder, uniq_duvessa, uniq_edmund
Temple:   eino_temple_lava

Skill      XL: |  1  2  3  4  5  6 |
---------------+-------------------+-----
Unarmed Combat | 4 5 6 7 |  7.5
Shields        | 1 2 4 |  4.3
Fighting       | |  3.2
Dodging        | |  2.4
Stealth        | |  2.1

Action                   |  1- 3 |  4- 6 |  7- 9 || total
-------------------------+-------+-------+-------++-------
Melee: Unarmed           |    97 |   225 |    22 ||   344
       Punch             |     1 |     3 |     3 ||     7
Throw: Dart              |       |     6 |       ||     6
Evoke: Wand              |       |     4 |     1 ||     5
  Use: Scroll            |       |     3 |     1 ||     4
       Potion            |       |     2 |     1 ||     3
 Stab: Distracted        |     1 |       |       ||     1
       Sleeping          |     1 |       |       ||     1
Armor: Robe              |    17 |       |       ||    17
       Leather armour    |     5 |       |       ||     5
       Ring mail         |    14 |   103 |    11 ||   128
Dodge: Dodged            |    32 |   102 |     8 ||   142
Block: Other             |    12 |    52 |     4 ||    68
       Reflection        |       |     2 |       ||     2

Table legend: (Time is in decaauts)
 A = Elapsed time spent in this place.
 B = Non-inter-level travel time spent in this place.
 C = Inter-level travel time spent in this place.
 D = Time resting spent in this place.
 E = Time spent auto-exploring this place.
 F = Levels seen in this place.
 G = Mean time per level.
                   A        B        C        D        E       F      G
               +--------+--------+--------+--------+--------+-----+--------+
         Total |   2935 |   2789 |    146 |    203 |   1759 |   5 |  587.0 |
       Dungeon |   2903 |   2757 |    146 |    203 |   1759 |   4 |  725.8 |
        Temple |     31 |     31 |      0 |      0 |      0 |   1 |   31.0 |
               +--------+--------+--------+--------+--------+-----+--------+

Top non-repeatable levels by time:
     D:2: 990 daAuts
     D:1: 836 daAuts
     D:3: 678 daAuts
     D:4: 398 daAuts
  Temple: 31 daAuts
